 Dungeon Crawl Stone Soup version 0.22-a0-439-gac93bac (webtiles) character file.

76 cultivahabas the Slasher (level 4, -19/36 HPs)
             Began as a Human Monk on May 29, 2018.
             Demolished by an ogre
             ... wielding a +0 giant club
              (26 damage)
             ... on level 2 of the Dungeon.
             The game lasted 00:03:11 (2244 turns).

cultivahabas the Slasher (Human Monk)               Turns: 2244, Time: 00:03:12

Health: -19/36     AC:  2    Str: 11    XL:     4   Next: 57%
Magic:  4/4        EV: 14    Int: 11    God:
Gold:   79         SH:  0    Dex: 16    Spells: 3/3 levels left

rFire    . . .     SeeInvis .   a - +0 falchion
rCold    . . .     Gourm    .   (no shield)
rNeg     . . .     Faith    .   b - +0 robe
rPois    .         Spirit   .   (no helmet)
rElec    .         Reflect  .   (no cloak)
rCorr    .         Harm     .   (no gloves)
MR       .....                  (no boots)
Stlth    ++........             (no amulet)
HPRegen  0.12/turn              (no ring)
MPRegen  0.09/turn              (no ring)

@: no status effects
A: no striking features
a: no special abilities


You were on level 2 of the Dungeon.
You were very hungry.

You visited 1 branch of the dungeon, and saw 2 of its levels.

You collected 79 gold pieces.

Inventory:

Hand Weapons
 a - a +0 falchion (weapon)
Armour
 b - a +0 robe (worn)
Scrolls
 f - a scroll of remove curse {unknown}
 g - 2 scrolls of identify {unknown}
 h - a scroll of teleportation {unknown}
Potions
 d - a potion of brilliance {unknown}
 e - a potion of haste {unknown}
Comestibles
 c - 8 rations


   Skills:
 + Level 3.6 Fighting
 * Level 4.1 Long Blades
 + Level 3.5 Dodging
 - Level 2.0 Stealth


You had 3 spell levels left.
You didn't know any spells.
Your spell library was empty.

Dungeon Overview and Level Annotations

Branches:
Dungeon (2/15)

Altars:
Ru


Message History

You see here an adder skeleton.
There is an open door here.
You close the door.
An ogre opens the door.
There is an open door here.
You see here a short sword.
There is an open door here.
Number of times to repeat, then command key: You must enter the number of times for the command to repeat.
You see here a short sword.
There is an open door here.
You see here a short sword.
There is an open door here.
You aren't carrying any items that you can evoke.
You see here a short sword.
The ogre hits you with a giant club!!
Ouch! That really hurt!
* * * LOW HITPOINT WARNING * * *
The ogre hits you with a giant club!!
Ouch! That really hurt!
You die...

#.'.....##........# #.
#.#.....##........# #.
#.#.....#<....(...# #.
#.#####.##........# ## #.#
#....#'######
#.########.#.###############
#.......##)#................
#######'##O#.#####.....#####
#........#.@...# #.....#
#........###.#.# #.....#
#........'.#.#.###.....#####
#........#.#>....'.....'....
#........#.#.#..##.....#####
#........#.#.#..##.....#
#........#.#....########
##########.........#
#.........#


You could see an ogre.

Vanquished Creatures
  2 adders (D:2)
  4 dart slugs (D:1)
  6 bats
  3 giant cockroaches
  4 goblins (D:1)
  7 hobgoblins
  4 jackals (D:1)
  A frilled lizard (D:1)
  9 kobolds
  5 rats
45 creatures vanquished.

Notes
Turn   | Place    | Note
-------+----------+-------------------------------------------
     0 | D:1      | cultivahabas the Human Monk began the quest for the Orb.
     0 | D:1      | Reached XP level 1. HP: 18/18 MP: 1/1
   245 | D:1      | Reached XP level 2. HP: 22/24 MP: 2/2
   366 | D:1      | Reached XP level 3. HP: 25/29 MP: 3/3
  1494 | D:1      | Reached XP level 4. HP: 35/35 MP: 4/4
  1768 | D:2      | Reached skill level 4 in Long Blades
  2059 | D:2      | Noticed an ogre
  2162 | D:2      | Found a sacrificial altar of Ru.
  2244 | D:2      | Demolished by an ogre

Vault maps used:
D:1:      lightli_arrival_statuegarden
D:2:      zin_treasury, nicolae_ru_path_of_blood

Skill      XL: |  1  2  3  4 |
---------------+-------------+-----
Long Blades    | 4 |  4.1
Fighting       | |  3.6
Dodging        | |  3.5
Stealth        | |  2.0

Action                   |  1- 3 |  4- 6 || total
-------------------------+-------+-------++-------
Melee: Falchion          |    87 |    35 ||   122
 Stab: Sleeping          |     7 |     1 ||     8
  Eat: Chunk             |     1 |     2 ||     3
Armor: Robe              |    24 |     8 ||    32
Dodge: Dodged            |    63 |    35 ||    98
       Rpst.: Falchion   |    17 |    11 ||    28

Table legend:
 A = Spawn XP
 B = Non-spawn XP
 C = Spawn XP percentage of total XP
 D = Spawn monster count
 E = Non-spawn monster count
 F = Spawn count percentage of total count
 G = Total turns spent on level
                    A         B        C        D         E        F      G
               +---------+---------+-------+---------+---------+-------+---------
         Total |       0 |     109 |   0.0 |       0 |      45 |   0.0 |  2244
               +---------+---------+-------+---------+---------+-------+---------
           D:1 |       0 |      70 |   0.0 |       0 |      36 |   0.0 |  1757
           D:2 |       0 |      39 |   0.0 |       0 |       9 |   0.0 |   487
               +---------+---------+-------+---------+---------+-------+---------
